 Dungeon Crawl Stone Soup version 0.28.0-43-g3370ac3207 (webtiles) character file.

Game seed: 17335611059910965549

82 nickcage the Slasher (level 4, -3/39 HPs)
             Began as a Minotaur Fighter on Mar 7, 2022.
             Slain by a sky beast (5 damage)
             ... on level 3 of the Dungeon.
             The game lasted 00:02:31 (1778 turns).

nickcage the Slasher (Minotaur Fighter)             Turns: 1778, Time: 00:02:32

Health: -3/39      AC:  8    Str: 23    XL:     4   Next: 21%
Magic:  3/3        EV:  9    Int:  5    God:
Gold:   57         SH:  4    Dex:  9    Spells: 3/3 levels left

rFire   . . .      SeeInvis .   a - +0 long sword
rCold   . . .      Faith    .   c - +0 buckler
rNeg    . . .      Spirit   .   b - +0 scale mail
rPois   .          Reflect  .   (helmet restricted)
rElec   .          Harm     .   i - +0 cloak
rCorr   .          Rampage  .   (no gloves)
Will    .....                   (no boots)
Stlth   ..........              (no amulet)
HPRegen 0.13/turn               (no ring)
MPRegen 0.08/turn               (no ring)

@: no status effects
A: horns 2, retaliatory headbutt
a: no special abilities


You were on level 3 of the Dungeon.
You visited 1 branch of the dungeon, and saw 3 of its levels.

You collected 57 gold pieces.

Inventory:

Hand Weapons
 a - a +0 long sword (weapon)
Missiles
 f - 2 poisoned darts (quivered)
Armour
 b - a +0 scale mail (worn)
 c - a +0 buckler (worn)
 i - a +0 cloak (worn)
Scrolls
 e - 5 scrolls of teleportation {unknown}
 n - a scroll of immolation {unknown}
Potions
 d - a potion of might
 g - a potion of brilliance {unknown}
 h - 4 potions of curing {unknown}
 j - a potion of flight {unknown}
 k - 2 potions of degeneration {unknown}
 l - a potion of mutation {unknown}
 m - a potion of lignification {unknown}


   Skills:
 - Level 3.6 Fighting
 + Level 5.5 Long Blades
 - Level 3.6 Armour
 - Level 3.6 Shields


You had 3 spell levels left.
You didn't know any spells.
Your spell library contained the following spells:

 Spells                   Type           Power      Damage    Failure   Level
 Corpse Rot               Necr/Air       0%         N/A       95%         2
 Poisonous Vapours        Pois/Air       0%         N/A       95%         2
 Confusing Touch          Hex            0%         N/A       99%         3
 Yara's Violent Unravell  Hex/Tmut       0%         3d3       100%        5
 Enfeeble                 Hex            0%         N/A       100%        7


Dungeon Overview and Level Annotations

Branches:
Dungeon (3/15)

Altars:


Innate Abilities, Weirdness & Mutations

You have a pair of horns on your head.
You reflexively headbutt those who attack you in melee.


Message History

Something hits you but does no damage.
You closely miss something. Something hits you. Something shocks you.
Something hits you but does no damage.
You miss something. Something hits you but does no damage.
You slash something! Your headbutt misses something.
Something hits you but does no damage.
You barely miss something. Your headbutt misses something. Something hits you.
Something shocks you.
You closely miss something. Something hits you but does no damage.
You closely miss something. You headbutt something.
Something hits you but does no damage.
You barely miss something. Your headbutt misses something.
Something hits you but does no damage.
You barely miss something. Something hits you but does no damage.
Something hits you. Something shocks you.
You hit something. Something hits you. Something shocks you.
* * * LOW HITPOINT WARNING * * *
You miss something. Your headbutt misses something.
Something hits you but does no damage.
You closely miss something. Something hits you but does no damage.
You hit something. Your headbutt misses something.
A sky beast appears from thin air!
Reactivating autopickup.
The sky beast completely misses you.
You closely miss the sky beast.
The sky beast is severely wounded.
The sky beast flickers out of sight!
Deactivating autopickup; reactivate with Ctrl-A.
Something hits you but does no damage.
You closely miss something.
Something hits you but does no damage. x2
You closely miss something. You block something's attack.
You miss something. Something hits you.
* * * LOW HITPOINT WARNING * * *
Something shocks you.
* * * LOW HITPOINT WARNING * * *
You hit something but do no damage. Something hits you but does no damage.
You miss something. Something hits you.
* * * LOW HITPOINT WARNING * * *
Something shocks you.
You die...

#. #...
#.####... ###
.#.....)..
##.##
#.....#...
##.#.##
#........
##.#.#.##
##.......
##†#.#.#.##
##......
##.#.##..#.#
##.....
##.#.##@.#.##
##......
##.#.##{(#.##
##.......
##.#.##.#[.##
##.#......
##.#.##.#.$##
##.#.#.#...
#.#.##.#..##
##)#.#######
##.#.##.#.
##.#.##
##†#.##.#
##.#.##
##.#.##.
##.#.##
##.#.##
##.#.##


There were no monsters in sight!

Vanquished Creatures
  3 adders
  5 dart slugs
  3 bats
  An endoplasm (D:2)
  A giant cockroach (D:1)
  7 hobgoblins
  A quokka (D:2)
  3 ball pythons
  6 frilled lizards
  9 goblins
  5 kobolds
  4 rats
48 creatures vanquished.

Notes
Turn   | Place    | Note
-------+----------+-------------------------------------------
     0 | D:1      | nickcage the Minotaur Fighter began the quest for the Orb.
     0 | D:1      | Reached XP level 1. HP: 19/19 MP: 0/0
    81 | D:1      | Reached skill level 3 in Long Blades
   126 | D:1      | Reached XP level 2. HP: 26/26 MP: 1/1
   330 | D:1      | Reached skill level 4 in Long Blades
   757 | D:2      | Reached XP level 3. HP: 31/31 MP: 2/2
  1219 | D:2      | Reached skill level 5 in Long Blades
  1621 | D:3      | Reached XP level 4. HP: 32/39 MP: 3/3
  1755 | D:3      | Noticed a sky beast
  1778 | D:3      | Slain by a sky beast

Illustrated notes

Levels and vault maps discovered:
D:1:      lemuel_arrival_river_ford, layout_loops_ring
D:2:      layout_basic
D:3:      minmay_inner_zag, layout_rooms,
          nicolae_gozag_cash_rules_everything_around_me, chequers_avenue,
          uniq_terence, uniq_ijyb, uniq_grinder

Skill      XL: |  1  2  3 |
---------------+----------+-----
Long Blades    | 3 4 5 |  5.5
Fighting       | |  3.6
Armour         | |  3.6
Shields        | |  3.6

Action                   |  1- 3 |  4- 6 || total
-------------------------+-------+-------++-------
Melee: Long sword        |    89 |    36 ||   125
       Headbutt          |    10 |     5 ||    15
Armor: Scale mail        |    40 |    23 ||    63
Dodge: Dodged            |    35 |     5 ||    40
Block: Buckler           |    17 |     6 ||    23
